[Event "ICC tourney 2067 (45 10)"]
[Site "Internet Chess Club"]
[Date "2020.10.17"]
[Round "3"]
[White "Niteshc"]
[Black "Khammurabi"]
[Result "0-1"]
[ICCResult "White checkmated"]
[WhiteElo "1626"]
[BlackElo "1555"]
[Opening "Sicilian: Smith-Morra gambit"]
[ECO "B21"]
[NIC "SI.48"]
[Time "16:02:14"]
[TimeControl "2700+10"]

1. e4 c5 2. d4 cxd4 3. c3 d3 4. Bxd3 e5 5. Nf3 Nc6 6. O-O d6 7. h3 h5 8. Qb3
Qc7 9. c4 f6 10. Nc3 g5 11. Nd5 Qg7 12. g3 Bxh3 13. Re1 h4 14. Bf1 hxg3 15.
Bxh3 gxf2+ 16. Kxf2 Rxh3 17. Be3 g4 18. Ng1 g3+ 19. Ke2 Rh2+ 20. Kd1 O-O-O
21. Nf3 Qg4 22. Bg1 Nd4 23. Bxd4 exd4 24. Kc1 Bh6+ 25. Kb1 Rf2 26. Nxd4 g2
27. Qd1 Qxd1+ 28. Rxd1 Rf1 29. Kc2 Rf2+ 30. Kc3 Re8 31. Nb5 Kd7 32. Nxd6
Kxd6 33. Nxf6+ Ke7 34. Nxe8 Kxe8 35. Rab1 Nf6 36. Kd3 Ng4 37. a4 Nh2 38. Rg1
Nf3 39. Rgd1 Nd2 40. Rbc1 Nf1 41. Rc2 Rxc2 42. Kxc2 Ne3+ 43. Kd2 Nxd1+ 44.
Kxd1 g1=Q+ 45. Kc2 Qd4 46. Kb3 a5 47. e5 Qxe5 48. Ka2 Bg7 49. Ka3 Qxb2#
{White checkmated}
0-1

[Event "ICC tourney 2067 (45 10)"]
[Site "Internet Chess Club"]
[Date "2020.10.17"]
[Round "3"]
[White "ybabji"]
[Black "tigertiger2019"]
[Result "1-0"]
[ICCResult "Black resigns"]
[WhiteElo "1824"]
[BlackElo "1651"]
[Opening "Sicilian: Alapin's variation (2.c3)"]
[ECO "B22"]
[NIC "SI.47"]
[Time "16:02:04"]
[TimeControl "2700+10"]

1. e4 c5 2. c3 Nf6 3. e5 Nd5 4. d4 cxd4 5. cxd4 d6 6. exd6 Qxd6 7. Nf3 Nc6
8. Nc3 e6 9. Bc4 Nb6 10. Bb3 Nb4 11. Be3 N4d5 12. Nxd5 Nxd5 13. O-O Be7 14.
Re1 O-O 15. Rc1 Bd7 16. Qd2 Rfc8 17. Bxd5 Qxd5 18. b3 Ba3 19. Rc2 Rxc2 20.
Qxc2 Rc8 21. Qd2 Qf5 22. Ne5 Be8 23. Qa5 Bb2 24. Qxa7 Qe4 25. f3 Qd5 26. Nc4
Bc3 27. Rc1 Bb4 28. Kf2 Qd8 29. Qxb7 Rb8 30. Qe4 Bb5 31. Ne5 Rc8 32. Rxc8
Qxc8 33. a4 Be8 34. Qd3 f6 35. Qc4 Qxc4 36. Nxc4 Bc6 37. Bd2 Bxd2 38. Nxd2
Kf8 39. Ne4 Ke7 40. a5 Bb5 41. b4 Kd7 42. Nc5+ Kd6 43. a6 Kc7 44. a7 Bc6 45.
Nxe6+ Kb7 46. Nd8+ Kxa7 47. Nxc6+ Kb6 48. d5 Kc7 49. b5 Kd6 50. b6 Kxd5 51.
b7 Kxc6 52. b8=Q {Black resigns} 1-0

[Event "ICC tourney 2067 (45 10)"]
[Site "Internet Chess Club"]
[Date "2020.10.17"]
[Round "3"]
[White "raremystery"]
[Black "Eeshaan16"]
[Result "1-0"]
[ICCResult "Black resigns"]
[WhiteElo "1704"]
[BlackElo "1896"]
[Opening "Sicilian: Kan, 5.Nc3"]
[ECO "B43"]
[NIC "SI.41"]
[Time "16:01:55"]
[TimeControl "2700+10"]

1. e4 c5 2. Nf3 e6 3. d4 cxd4 4. Nxd4 a6 5. Nc3 b5 6. Be3 Bb7 7. f3 Qc7 8.
Qd2 Nf6 9. g4 h6 10. O-O-O d5 11. exd5 Nxd5 12. Nxd5 Bxd5 13. Kb1 Nc6 14.
Bg2 Rc8 15. f4 Bxg2 16. Qxg2 Nxd4 17. Bxd4 Qxf4 18. Rhf1 Qc7 19. Qf2 f6 20.
Bxf6 gxf6 21. Qxf6 Qxc2+ 22. Ka1 Qxd1+ 23. Rxd1 Rh7 24. Qxe6+ {Black
resigns} 1-0

[Event "ICC tourney 2067 (45 10)"]
[Site "Internet Chess Club"]
[Date "2020.10.17"]
[Round "3"]
[White "mnm1"]
[Black "adwaysane"]
[Result "1-0"]
[ICCResult "Black checkmated"]
[WhiteElo "1349"]
[BlackElo "1537"]
[Opening "Scotch: Mieses variation"]
[ECO "C45"]
[NIC "SO.04"]
[Time "16:01:56"]
[TimeControl "2700+10"]

1. e4 e5 2. Nf3 Nc6 3. d4 exd4 4. Nxd4 Nf6 5. Nxc6 bxc6 6. e5 Qe7 7. Qe2 Nd5
8. c4 Ba6 9. Nd2 g6 10. b3 Bg7 11. Bb2 O-O 12. O-O-O Rfe8 13. Nf3 Nf4 14.
Qd2 Bh6 15. Kb1 Bc8 16. g3 Nh3 17. Qxh6 Nxf2 18. Ng5 f5 19. exf6 Ng4 20. f7+
Qxf7 21. Nxf7 Nxh6 22. Nxh6+ Kf8 23. Bd3 d6 24. Rhf1+ Ke7 25. Rde1+ Kd8 26.
Rxe8+ Kxe8 27. Nf7 Be6 28. Ng5 Bg8 29. Bg7 Kd7 30. Rf8 Rxf8 31. Bxf8 d5 32.
cxd5 cxd5 33. h4 Kc6 34. Kc2 a5 35. Kc3 Kb6 36. Kd4 Kc6 37. g4 Kd7 38. h5
Ke8 39. hxg6 hxg6 40. Bh6 Ke7 41. Bxg6 Kf6 42. Bd3 Ke7 43. Bh7 Bxh7 44. Nxh7
Kd6 45. g5 c5+ 46. Kd3 Kc6 47. g6 Kb5 48. g7 c4+ 49. bxc4+ dxc4+ 50. Kc3 Ka4
51. g8=Q Ka3 52. Qxc4 a4 53. Qb4+ Kxa2 54. Qb2# {Black checkmated} 1-0

[Event "ICC tourney 2067 (45 10)"]
[Site "Internet Chess Club"]
[Date "2020.10.17"]
[Round "3"]
[White "sillytiger"]
[Black "incredibleking"]
[Result "0-1"]
[ICCResult "White resigns"]
[WhiteElo "1345"]
[BlackElo "1648"]
[Opening "QGD: Tarrasch, Prague variation, Normal position"]
[ECO "D34"]
[NIC "TD.04"]
[Time "16:02:09"]
[TimeControl "2700+10"]

1. c4 c5 2. Nc3 Nc6 3. g3 Nf6 4. Bg2 e6 5. Nf3 d5 6. cxd5 exd5 7. d4 Be7 8.
O-O O-O 9. dxc5 Bxc5 10. Bg5 Be6 11. Bxf6 Qxf6 12. Nxd5 Qxb2 13. Nf4 Qf6 14.
Nxe6 Qxe6 15. Ng5 Qe7 16. Ne4 Rad8 17. Qc2 Bb4 18. Rad1 Nd4 19. Qb2 Ba3 20.
Qa1 Nxe2+ 21. Kh1 f5 22. Nc3 Nxc3 23. Qxc3 Bc5 24. Rxd8 Rxd8 25. Qb3+ Kf8
26. Qb1 g6 27. Qb2 Qg7 28. Qb5 b6 29. Qe2 Qe7 30. Qb2 Rd4 31. Qa1 Qe2 32.
Qc1 Kg7 33. a4 Rxa4 34. Qc3+ Rd4 35. Qb3 a5 36. Kg1 a4 37. Qb1 a3 38. Qb3
Rd3 39. Qc4 Bxf2+ 40. Kh1 Bc5 41. Qc1 Rxg3 42. Qa1+ Kh6 43. Qc1+ Be3
{White resigns}
0-1

[Event "ICC tourney 2067 (45 10)"]
[Site "Internet Chess Club"]
[Date "2020.10.17"]
[Round "3"]
[White "tricksterssbu"]
[Black "Deveshc"]
[Result "1-0"]
[ICCResult "Black checkmated"]
[WhiteElo "1706"]
[BlackElo "1497"]
[Opening "Sicilian"]
[ECO "B56"]
[NIC "SI.25"]
[Time "16:02:14"]
[TimeControl "2700+10"]

1. e4 c5 2. Nf3 Nc6 3. d4 cxd4 4. Nxd4 Nf6 5. Nc3 d6 6. f3 a6 7. Be3 e6 8.
Qd2 Bd7 9. Be2 Be7 10. O-O O-O 11. Rad1 Rc8 12. f4 Nxd4 13. Bxd4 Bc6 14. Qe3
Qe8 15. Qg3 d5 16. e5 Nd7 17. f5 exf5 18. Rxf5 Nc5 19. Rdf1 Ne6 20. Bb6 Bc5+
21. Bxc5 Nxc5 22. Bg4 Bd7 23. Rg5 Bxg4 24. Rxg4 Ne6 25. Nxd5 Qd8 26. Rd1 Kh8
27. c4 Qa5 28. Qh4 Qxa2 29. Ne7 Qb3 30. Qxh7+ Kxh7 31. Rh4# {Black
checkmated} 1-0

[Event "ICC tourney 2067 (45 10)"]
[Site "Internet Chess Club"]
[Date "2020.10.17"]
[Round "3"]
[White "danaglin"]
[Black "orwind"]
[Result "0-1"]
[ICCResult "White checkmated"]
[WhiteElo "1618"]
[BlackElo "1518"]
[Opening "Sicilian: closed"]
[ECO "B23"]
[NIC "SI.44"]
[Time "16:01:58"]
[TimeControl "2700+10"]

1. e4 c5 2. Nc3 e6 3. f4 d5 4. Nf3 Nc6 5. Bb5 a6 6. Bxc6+ bxc6 7. O-O Bd6 8.
e5 Bc7 9. Qe1 Ne7 10. Qg3 O-O 11. d3 Nf5 12. Qh3 f6 13. Ne2 Ne7 14. d4 Bb6
15. c3 Bd7 16. Kh1 f5 17. Rg1 Ng6 18. g4 Qe7 19. gxf5 Rxf5 20. Be3 c4 21.
Rg4 Nf8 22. Rh4 g6 23. Ng5 Qg7 24. Ng3 Rf7 25. Nxf7 Qxf7 26. Rg1 Bd8 27. Rg4
c5 28. dxc5 d4 29. cxd4 Bc6+ 30. Rg2 Bxg2+ 31. Qxg2 Rc8 32. h4 Kh8 33. Ne4
Rb8 34. Nd6 Qe7 35. h5 Bc7 36. hxg6 Nxg6 37. Qh2 Bxd6 38. cxd6 Qb7+ 39. Kg1
Qf3 40. Rg3 Qd1+ 41. Kg2 Rxb2+ 42. Bf2 Nxf4# {White checkmated} 0-1

[Event "ICC tourney 2067 (45 10)"]
[Site "Internet Chess Club"]
[Date "2020.10.17"]
[Round "3"]
[White "fascimate"]
[Black "kavyameiyappan"]
[Result "1-0"]
[ICCResult "Black resigns"]
[WhiteElo "1720"]
[BlackElo "1620"]
[Opening "Sicilian: Najdorf, Byrne (English) attack"]
[ECO "B90"]
[NIC "SI.14"]
[Time "16:01:54"]
[TimeControl "2700+10"]

1. e4 c5 2. Nf3 d6 3. d4 cxd4 4. Nxd4 Nf6 5. Nc3 a6 6. Be3 e5 7. Nb3 Be7 8.
f3 O-O 9. Qd2 Be6 10. g4 b5 11. g5 Nh5 12. O-O-O Nc6 13. Nd5 Bxd5 14. exd5
Nb8 15. Rg1 Nd7 16. Na5 Qc7 17. Nc6 Rfe8 18. Bh3 g6 19. Bg4 Ng7 20. h4 Nb8
21. Nxe5 dxe5 22. d6 Bxd6 23. Qxd6 Ne6 24. Bxe6 Qxd6 25. Bxf7+ Kxf7 26. Rxd6
Re6 27. Rgd1 Nc6 28. Bc5 Rae8 29. Rd7+ Kg8 30. Rc7 Nd4 31. Bxd4 exd4 32.
Rxd4 Re1+ 33. Rd1 R1e3 34. b3 Re1 35. Rc6 R1e6 36. Rdd6 Rxd6 37. Rxd6 Rf8
38. Rxa6 Rxf3 39. Ra5 b4 40. Ra4 Rf4 41. a3 Rxh4 42. Rxb4 Rh1+ 43. Kb2 Rg1
44. Rb5 Kg7 45. a4 h5 46. gxh6+ Kxh6 47. a5 Rf1 48. a6 Rf8 49. a7 Ra8 50.
Ra5 g5 51. b4 g4 52. b5 g3 53. b6 g2 54. Ra1 {Black resigns} 1-0

[Event "ICC tourney 2067 (45 10)"]
[Site "Internet Chess Club"]
[Date "2020.10.17"]
[Round "3"]
[White "chessboy2020"]
[Black "runtilmorrow1"]
[Result "1-0"]
[ICCResult "Black checkmated"]
[WhiteElo "1675"]
[BlackElo "1964"]
[Opening "Sicilian: dragon, Yugoslav attack, 10.O-O-O"]
[ECO "B78"]
[NIC "SI.18"]
[Time "16:02:03"]
[TimeControl "2700+10"]

1. e4 c5 2. Nf3 d6 3. d4 cxd4 4. Nxd4 Nf6 5. Nc3 g6 6. Be3 Bg7 7. f3 Nc6 8.
Qd2 O-O 9. Bc4 Bd7 10. O-O-O Rb8 11. h4 Na5 12. Bb3 b5 13. Bh6 Bxh6 14. Qxh6
e5 15. Nde2 b4 16. Nd5 Nxb3+ 17. cxb3 Nxd5 18. Rxd5 Be6 19. Rdd1 Rb6 20. Kb1
Ra6 21. Nc1 f6 22. g4 Qa5 23. Qd2 Rc8 24. a3 Rb8 25. a4 Rc8 26. Qd3 Rc5 27.
Na2 d5 28. Nxb4 Rd6 29. Nxd5 Bxd5 30. exd5 Rdxd5 31. Qe2 Qd8 32. Rxd5 Qxd5
33. Qd1 Qb7 34. Qd8+ Kg7 35. Rd1 Rc7 36. Qd5 Qxd5 37. Rxd5 Kf7 38. b4 Ke6
39. Rc5 Rb7 40. b5 f5 41. Kc2 Kd6 42. Rc6+ Kd5 43. gxf5 gxf5 44. Rf6 f4 45.
Kd3 Rg7 46. Rf8 Rg3 47. Rd8+ Kc5 48. Ke4 Kb4 49. Rd7 h5 50. Rxa7 Kc5 51. Re7
Kd6 52. Rxe5 Rg2 53. Rxh5 Rxb2 54. Rh6+ Kc7 55. b6+ Kb7 56. Kxf4 Rb4+ 57.
Kg5 Rxa4 58. f4 Ra5+ 59. f5 Ra8 60. Rg6 Rd8 61. h5 Kc8 62. Rg7 Rf8 63. h6
Rh8 64. h7 Kb8 65. Rg8+ Rxg8+ 66. hxg8=Q+ Kb7 67. f6 Ka6 68. Qc4+ Ka5 69.
Qb3 Ka6 70. b7 Ka5 71. b8=Q Ka6 72. Qa4# {Black checkmated} 1-0

[Event "ICC tourney 2067 (45 10)"]
[Site "Internet Chess Club"]
[Date "2020.10.17"]
[Round "3"]
[White "VincentT2008"]
[Black "KittiesRock18"]
[Result "0-1"]
[ICCResult "White resigns"]
[WhiteElo "1777"]
[BlackElo "1578"]
[Opening "QGD: exchange, positional line"]
[ECO "D35"]
[NIC "QO.16"]
[Time "16:01:59"]
[TimeControl "2700+10"]

1. d4 d5 2. c4 e6 3. Nc3 Nf6 4. cxd5 exd5 5. Bg5 Be7 6. e3 c6 7. Bd3 O-O 8.
Qc2 Nbd7 9. Nge2 Re8 10. O-O Nf8 11. f3 Be6 12. e4 dxe4 13. fxe4 Ng4 14. Bf4
Bf6 15. e5 Bg5 16. Qd2 Bxf4 17. Qxf4 f6 18. Rad1 fxe5 19. dxe5 Qb6+ 20. Nd4
Rad8 21. Bb1 Bc4 22. Rfe1 Qxb2 23. Qxg4 Qxc3 24. Nf5 g6 25. Rc1 Qb4 26. Nd6
Rxd6 27. Qxc4+ Qxc4 28. Rxc4 Rd5 29. Rce4 Nd7 30. e6 Nb6 31. Bc2 Rd2 32. Bb3
Nc8 33. Rf4 Nd6 34. Rf7 c5 35. Rc7 c4 36. Bxc4 Nxc4 37. Rxc4 Rxa2 38. Rc7 b5
39. Rb7 a6 40. Rb6 Re7 41. Kf1 Kg7 42. Re3 g5 43. h4 gxh4 44. Kg1 Kf6 45.
Kh2 a5 46. Kh3 b4 47. Re4 Ra3+ 48. Kxh4 Kf5 49. Re2 b3 50. Kh5 a4 51. g4+
Kf6 52. Rf2+ Kg7 53. Kg5 Ra2 54. Rf4 b2 55. Rfb4 a3 56. Rb7 h6+ 57. Kf5
b1=Q+ 58. Rxb1 Rf2+ 59. Ke5 Re2+ 60. Kd6 Rxe6+ 61. Kd5 a2 62. Rxe7+ Rxe7 63.
Ra1 Re2 64. Kd4 Kf6 65. Kd3 Rb2 66. Ke3 Kg5 67. Kf3 Rd2 68. Ke3 Rh2 69. Kf3
Rb2 70. Kg3 Rb3+ 71. Kf2 Ra3 72. Ke2 Kxg4 73. Kd2 {White resigns} 0-1

[Event "ICC tourney 2067 (45 10)"]
[Site "Internet Chess Club"]
[Date "2020.10.17"]
[Round "3"]
[White "bonnelleo1"]
[Black "WizardY"]
[Result "0-1"]
[ICCResult "White resigns"]
[WhiteElo "1868"]
[BlackElo "1469"]
[Opening "Queen's bishop game"]
[ECO "D02"]
[NIC "QP.06"]
[Time "16:02:22"]
[TimeControl "2700+10"]

1. d4 Nf6 2. Nf3 d5 3. Bf4 Bf5 4. e3 e6 5. c3 c5 6. Nbd2 Nc6 7. Be2 Be7 8.
O-O O-O 9. Ne5 Nxe5 10. Bxe5 cxd4 11. exd4 Bd6 12. Nf3 Bxe5 13. Nxe5 Nd7 14.
Qb3 Nxe5 15. dxe5 Qc7 16. f4 Qb6+ 17. Qxb6 axb6 18. Bb5 Rfd8 19. Rfd1 Bc2
20. Rd4 Rdc8 21. Rc1 Bf5 22. a4 Bg6 23. Rb4 Rc7 24. Rd1 h6 25. Rdd4 Rac8 26.
Be2 Rc6 27. Rb5 Rb8 28. Rdb4 Ra8 29. Rxb6 Rxb6 30. Rxb6 Rxa4 31. g3 Ra1+ 32.
Kg2 Be4+ 33. Bf3 Bxf3+ 34. Kxf3 Ra7 35. Ke3 Kf8 36. c4 dxc4 37. Kd4 Ke7 38.
Kxc4 Kd7 39. Rd6+ Kc7 40. Rd2 Kc6 41. h4 Ra1 42. Rd6+ Kc7 43. Rd3 Rg1 44.
Kd4 Rg2 45. b3 Kc6 46. Ke4 b5 47. b4 Rb2 48. Rd4 h5 49. f5 Re2+ 50. Kf3 Rxe5
51. fxe6 Rxe6 52. Kf4 Rg6 53. Kf3 Rd6 54. Rf4 f6 55. g4 hxg4+ 56. Rxg4 Rd7
57. Ke3 Kd5 58. Rd4+ Ke6 59. Re4+ Kf5 60. Re8 Kg4 61. Rb8 Rd5 62. Rg8 g5 63.
hxg5 fxg5 64. Rg7 Rf5 65. Kd4 Kf3 66. Ra7 g4 67. Ra3+ Kf4 68. Ra1 g3 69.
Rf1+ Kg4 {White resigns} 0-1

[Event "ICC tourney 2067 (45 10)"]
[Site "Internet Chess Club"]
[Date "2020.10.17"]
[Round "4"]
[White "Almanac2050"]
[Black "incredibleking"]
[Result "1-0"]
[ICCResult "Black checkmated"]
[WhiteElo "1618"]
[BlackElo "1625"]
[Opening "Sicilian: Najdorf"]
[ECO "B90"]
[NIC "SI.14"]
[Time "18:32:12"]
[TimeControl "2700+10"]

1. e4 c5 2. Nf3 d6 3. d4 cxd4 4. Nxd4 Nf6 5. Nc3 a6 6. f3 e5 7. Nb3 Be6 8.
Be3 Nbd7 9. Qd2 Be7 10. Be2 O-O 11. O-O-O Rc8 12. Kb1 b5 13. g4 b4 14. Nd5
a5 15. Nxe7+ Qxe7 16. Qxd6 Qd8 17. Bb5 Ne8 18. Qd2 Nef6 19. g5 Ne8 20. Bxd7
Bxd7 21. Qxd7 Qxd7 22. Rxd7 Nc7 23. Nxa5 Ne6 24. Rhd1 Ra8 25. Nc6 Rfc8 26.
Ne7+ Kf8 27. Nxc8 Rxc8 28. Bb6 Nd4 29. Bxd4 exd4 30. R7xd4 Re8 31. Rd8 Ke7
32. R1d7+ Kf8 33. Rxe8+ Kxe8 34. Rd3 Ke7 35. a4 bxa3 36. bxa3 Ke6 37. a4 f6
38. a5 fxg5 39. a6 g4 40. a7 gxf3 41. a8=Q f2 42. Qe8+ Kf6 43. Rf3+ Kg5 44.
Qe5+ Kg6 45. Qf5+ Kh6 46. Rh3# {Black checkmated} 1-0

[Event "ICC tourney 2067 (45 10)"]
[Site "Internet Chess Club"]
[Date "2020.10.17"]
[Round "4"]
[White "clair"]
[Black "che8642"]
[Result "0-1"]
[ICCResult "White checkmated"]
[WhiteElo "1676"]
[BlackElo "1547"]
[Opening "Queen's pawn, Mason variation"]
[ECO "D00"]
[NIC "QP.08"]
[Time "18:31:58"]
[TimeControl "2700+10"]

1. d4 d5 2. Bf4 Nf6 3. e3 c6 4. Nf3 Bf5 5. c4 e6 6. Nc3 Be7 7. h3 h6 8. Qb3
Na6 9. a3 Qb6 10. Qxb6 axb6 11. b4 Nxb4 12. Kd2 Nc2 13. Ra2 Nxa3 14. c5 bxc5
15. Bd3 Bxd3 16. Kxd3 c4+ 17. Ke2 O-O 18. Rha1 Ra6 19. Rb2 b5 20. Rba2 b4
21. Nb1 Rfa8 22. Nxa3 Rxa3 23. Rxa3 Rxa3 24. Rb1 b3 25. Ne5 c5 26. Nc6 Bf8
27. dxc5 Bxc5 28. Nd4 Ne4 29. Nb5 Ra2+ 30. Kf3 Rxf2+ 31. Kg4 f5+ 32. Kh5
Nf6+ 33. Kh4 Rxg2 34. e4 g5+ 35. Bxg5 hxg5# {White checkmated} 0-1

[Event "ICC tourney 2067 (45 10)"]
[Site "Internet Chess Club"]
[Date "2020.10.17"]
[Round "4"]
[White "marinaxiao"]
[Black "soggydollar"]
[Result "0-1"]
[ICCResult "White resigns"]
[WhiteElo "1429"]
[BlackElo "1795"]
[Opening "Sicilian: Taimanov (Bastrikov) variation"]
[ECO "B47"]
[NIC "SI.40"]
[Time "18:31:51"]
[TimeControl "2700+10"]

1. e4 c5 2. Nf3 e6 3. d4 cxd4 4. Nxd4 Nc6 5. Nc3 Qc7 6. Be2 Nf6 7. Be3 a6 8.
O-O Bb4 9. Bf3 O-O 10. Qd2 Ne5 11. Bf4 Nxf3+ 12. Nxf3 d6 13. a3 Bxc3 14.
bxc3 e5 15. Bg5 Nxe4 16. Qd3 Nxc3 17. Bd2 Na4 18. Ng5 f5 19. Bb4 Nc5 20.
Bxc5 dxc5 21. g4 h6 22. Qd5+ Kh8 23. Nf3 Re8 24. Rfe1 Be6 25. Qxe5 Qxe5 26.
Rxe5 fxg4 27. Nh4 c4 28. Rae1 Bf7 29. Re7 Kg8 30. R1e4 Rxe7 31. Rxe7 Re8 32.
Rxb7 Re1+ 33. Kg2 Bd5+ 34. Kg3 Bxb7 35. Kxg4 Kf7 {White resigns} 0-1

[Event "ICC tourney 2067 (45 10)"]
[Site "Internet Chess Club"]
[Date "2020.10.17"]
[Round "4"]
[White "Eeshaan16"]
[Black "che2468"]
[Result "1-0"]
[ICCResult "Black checkmated"]
[WhiteElo "1923"]
[BlackElo "1387"]
[Opening "Sicilian"]
[ECO "B56"]
[NIC "SI.25"]
[Time "18:31:58"]
[TimeControl "2700+10"]

1. e4 c5 2. Nf3 d6 3. d4 cxd4 4. Nxd4 Nf6 5. Nc3 Nc6 6. g3 Bd7 7. Bg2 Rc8 8.
O-O e6 9. Ndb5 Qe7 10. Bf4 e5 11. Bg5 Nb4 12. Nxa7 Rc5 13. a3 Na6 14. Be3
Rc4 15. Qd3 Qe6 16. Nd5 Nxd5 17. exd5 Qg4 18. f3 Bf5 19. Qb3 Bxc2 20. Qb5+
Kd8 21. fxg4 Bd3 22. Bb6+ Nc7 23. Bxc7+ Kxc7 24. Rxf7+ Kd8 25. Qd7#
{Black checkmated}
1-0

[Event "ICC tourney 2067 (45 10)"]
[Site "Internet Chess Club"]
[Date "2020.10.17"]
[Round "4"]
[White "tigertiger2019"]
[Black "vrashank"]
[Result "1/2-1/2"]
[ICCResult "Game drawn by mutual agreement"]
[WhiteElo "1662"]
[BlackElo "1886"]
[Opening "Réti: advance variation"]
[ECO "A09"]
[NIC "QP.09"]
[Time "18:32:20"]
[TimeControl "2700+10"]

1. Nf3 d5 2. c4 d4 3. d3 c5 4. e3 Nc6 5. exd4 cxd4 6. Be2 e5 7. O-O f5 8.
Re1 Bd6 9. Bf1 Nge7 10. Nbd2 O-O 11. c5 Bc7 12. Nc4 Ng6 13. Qb3 Kh8 14. Qd1
Be6 15. Qb3 Rb8 {Game drawn by mutual agreement} 1/2-1/2

[Event "ICC tourney 2067 (45 10)"]
[Site "Internet Chess Club"]
[Date "2020.10.17"]
[Round "4"]
[White "Threehundreds"]
[Black "danaglin"]
[Result "1-0"]
[ICCResult "Black resigns"]
[WhiteElo "1469"]
[BlackElo "1616"]
[Opening "French: Tarrasch, closed variation"]
[ECO "C05"]
[NIC "FR.17"]
[Time "18:32:42"]
[TimeControl "2700+10"]

1. e4 e6 2. d4 d5 3. Nd2 Nf6 4. e5 Nfd7 5. Bd3 c5 6. c3 Nc6 7. Ne2 Qb6 8.
Nf3 Be7 9. O-O cxd4 10. cxd4 O-O 11. Rb1 f6 12. exf6 Nxf6 13. h3 Bd7 14. Re1
Rac8 15. Nf4 Nb4 16. Qb3 Nxd3 17. Qxd3 Bb5 18. Qb3 Ne4 19. Ne2 Qa6 20. Nc3
Nxc3 21. bxc3 Bc4 22. Qxb7 Qxa2 23. Rb2 Qa3 24. Rb4 Bxb4 25. Bxa3 Bxa3 26.
Qxa7 Bb2 27. Rxe6 Bxc3 28. Re7 {Black resigns} 1-0

[Event "ICC tourney 2067 (45 10)"]
[Site "Internet Chess Club"]
[Date "2020.10.17"]
[Round "4"]
[White "ChessStar22"]
[Black "importantheart"]
[Result "1/2-1/2"]
[ICCResult "Game drawn by mutual agreement"]
[WhiteElo "1426"]
[BlackElo "1719"]
[Opening "QGD semi-Slav: 5.e3"]
[ECO "D45"]
[NIC "SL.08"]
[Time "18:31:49"]
[TimeControl "2700+10"]

1. d4 d5 2. c4 c6 3. Nc3 Nf6 4. e3 e6 5. Nf3 Bd6 6. cxd5 exd5 7. Bd3 O-O 8.
h3 Re8 9. O-O Ne4 10. Qc2 Bf5 11. Bxe4 Bxe4 12. Nxe4 Rxe4 13. Nd2 Re6 14.
Re1 Qg5 15. Nf3 Qh5 16. Bd2 Rg6 17. Kh1 Nd7 18. e4 dxe4 19. Qxe4 Nf6 20. Qh4
Qd5 21. Bg5 h6 22. Bxf6 Rxf6 23. Qe4 Qb5 24. Qe2 Qb6 25. b3 Bb4 26. Red1 Re6
27. Qc4 Rae8 28. a3 Bd6 29. b4 Re2 30. Re1 Rxe1+ 31. Rxe1 Rxe1+ 32. Nxe1 Qd8
33. Qe2 Qe7 34. Qxe7 Bxe7 35. Nc2 Bf6 36. g4 b5 37. Kg2 Kf8 38. Kf3 Ke7 39.
Ke4 Ke6 40. f4 g5 41. f5+ Kd6 42. Ne3 a6 43. Nc2 Bd8 44. Ne3 Bb6 45. f6 Ke6
46. Nf5 Kxf6 47. Nxh6 Ke6 48. Nf5 Bc7 49. Ng7+ Kd7 50. Nh5 Ke7 51. Kf5 f6
52. Ke4 Ke6 53. Ng7+ Kf7 54. Nh5 Kg6 55. d5 cxd5+ 56. Kxd5 Be5 57. Kc6 Bb2
58. Kb6 Bxa3 59. Kxa6 Bxb4 60. Kxb5 Be1 61. Kc4 f5 62. Kd3 f4 63. Ke4 Bh4
64. Nxf4+ gxf4 65. Kxf4 Kf6 {Game drawn by mutual agreement} 1/2-1/2

[Event "ICC tourney 2067 (45 10)"]
[Site "Internet Chess Club"]
[Date "2020.10.17"]
[Round "4"]
[White "wangfang75"]
[Black "amandapati"]
[Result "1-0"]
[ICCResult "Black checkmated"]
[WhiteElo "1854"]
[BlackElo "1886"]
[Opening "Sicilian: Sozin, Leonhardt variation"]
[ECO "B88"]
[NIC "SI.26"]
[Time "18:32:00"]
[TimeControl "2700+10"]

1. e4 c5 2. Nf3 d6 3. d4 cxd4 4. Nxd4 Nf6 5. Nc3 Nc6 6. Bc4 e6 7. Bb3 Be7 8.
Be3 O-O 9. f3 d5 10. exd5 Nxd5 11. Nxd5 exd5 12. O-O Ne5 13. Bf2 Nc4 14.
Bxc4 dxc4 15. c3 Bf5 16. Nxf5 Bf6 17. Qxd8 Rfxd8 18. Rad1 b5 19. Rxd8+ Bxd8
20. Re1 Bb6 21. Re7 Rd8 22. Bxb6 axb6 23. a3 Rd1+ 24. Kf2 h5 25. Nd4 f6 26.
Nxb5 Rd2+ 27. Re2 Rd8 28. Nd4 Kf7 29. h3 Rd7 30. Re4 g5 31. Ke1 Rd5 32. Nc2
Rb5 33. Nb4 Rc5 34. Rd4 Ke6 35. Kf2 b5 36. Nc2 Ke7 37. Ne3 Ke6 38. Rd8 f5
39. Rd4 f4 40. Nc2 Rd5 41. Rxd5 Kxd5 42. Nd4 h4 43. Nxb5 Kc6 44. Nd4+ Kd7
45. Ke2 Kd6 46. b3 cxb3 47. Nxb3 Kd5 48. Kd3 Ke5 49. a4 Kd6 50. a5 Kd7 51.
Ke4 Kc8 52. c4 g4 53. fxg4 Kd7 54. a6 Kc7 55. g5 f3 56. gxf3 Kc8 57. g6 Kc7
58. g7 Kb6 59. g8=Q Kxa6 60. Qe6+ Kb7 61. Nc5+ Kc7 62. Kd5 Kb8 63. Qd7 Ka8
64. Qb7# {Black checkmated} 1-0

[Event "ICC tourney 2067 (45 10)"]
[Site "Internet Chess Club"]
[Date "2020.10.17"]
[Round "4"]
[White "shanmukha123"]
[Black "ybabji"]
[Result "0-1"]
[ICCResult "White checkmated"]
[WhiteElo "1813"]
[BlackElo "1820"]
[Opening "Queen's Pawn"]
[ECO "A41"]
[NIC "QO.17"]
[Time "18:31:48"]
[TimeControl "2700+10"]

1. d4 d6 2. Nf3 Nf6 3. Bf4 Bf5 4. e3 e6 5. Bd3 Bg6 6. Qe2 Nc6 7. Nbd2 d5 8.
c3 Bd6 9. Bg3 a6 10. e4 dxe4 11. Nxe4 Nxe4 12. Bxe4 Bxe4 13. Qxe4 Bxg3 14.
hxg3 h6 15. Rh5 g6 16. Rc5 O-O 17. O-O-O Qf6 18. Rh1 Kg7 19. Qe3 Rh8 20. Nd2
Rad8 21. Ne4 Qe7 22. g4 f5 23. Nd2 fxg4 24. Re1 Rhf8 25. d5 Rf5 26. c4 Re5
27. Qc3 exd5 28. cxd5 Qxc5 29. Qxc5 Rxe1+ 30. Kc2 Rxd5 31. Qc3+ Kf7 32. Qc4
Nd4+ 33. Kd3 c6 34. Ne4 Rd1+ 35. Ke3 Nf5+ 36. Ke2 Rd4 37. Qc2 Re5 38. Qb3+
Kf8 39. Qa3+ Ke8 40. f3 gxf3+ 41. gxf3 Ng3+ 42. Ke3 c5 43. Kf4 Rg5 44. Qb3
Rxe4+ 45. fxe4 Nh5+ 46. Ke3 Rg3+ 47. Ke2 Rxb3 48. axb3 Ke7 49. Kd3 b5 50. b4
cxb4 51. Kd4 Ke6 52. Kc5 Ke5 53. Kxb4 Kxe4 54. Ka5 Nf4 55. Kxa6 Nd3 56. b3
Nc5+ 57. Kxb5 Nxb3 58. Kc4 g5 59. Kxb3 g4 60. Kc2 g3 61. Kd2 g2 62. Ke2 g1=Q
63. Kd2 Qg3 64. Kc2 h5 65. Kd2 h4 66. Kc2 h3 67. Kd2 h2 68. Kc2 h1=Q 69. Kd2
Qhh2+ 70. Kd1 Qgg1# {White checkmated} 0-1

[Event "ICC tourney 2067 (45 10)"]
[Site "Internet Chess Club"]
[Date "2020.10.17"]
[Round "4"]
[White "wahoo"]
[Black "SanthoshA"]
[Result "1-0"]
[ICCResult "Black checkmated"]
[WhiteElo "1770"]
[BlackElo "1528"]
[Opening "Giuoco Piano"]
[ECO "C54"]
[NIC "IG.02"]
[Time "18:31:55"]
[TimeControl "2700+10"]

1. e4 e5 2. Nf3 Nc6 3. Bc4 Bc5 4. c3 Nf6 5. d3 d6 6. O-O O-O 7. Nbd2 Na5 8.
Bxf7+ Kxf7 9. b4 Bxf2+ 10. Rxf2 Nc6 11. Qb3+ Ke7 12. Ba3 Be6 13. c4 b6 14.
b5 Na5 15. Qc3 Ke8 16. Qb4 Nd7 17. Raf1 Nb7 18. d4 exd4 19. Nxd4 Nbc5 20.
N2b3 Rxf2 21. Rxf2 Qe7 22. Nc6 Qh4 23. Nxc5 Nxc5 24. Qe1 Qg4 25. Bxc5 bxc5
26. Qf1 Kd7 27. Rf4 Qg6 28. e5 Qc2 29. exd6 Kxd6 30. Rf2 Bxc4 31. Rxc2 Bxf1
32. Kxf1 a6 33. a4 axb5 34. axb5 Ra1+ 35. Kf2 Rb1 36. Na7 Ra1 37. Nc8+ Kd7
38. Rxc5 Kxc8 39. b6 Ra2+ 40. Kg3 Ra3+ 41. Kh4 Ra4+ 42. Kh3 Ra3+ 43. g3 Rb3
44. Rxc7+ Kd8 45. Rxg7 Rxb6 46. Rxh7 Rg6 47. Kh4 Ke8 48. g4 Kf8 49. Kh5 Ra6
50. h4 Kg8 51. Rb7 Ra5+ 52. g5 Ra4 53. g6 Ra5+ 54. Kh6 Ra8 55. h5 Re8 56.
Kg5 Rc8 57. Rf7 Rc5+ 58. Rf5 Rc7 59. h6 Rc8 60. h7+ Kh8 61. Kh6 Rg8 62. g7+
Rxg7 63. Rf8+ Rg8 64. Rxg8# {Black checkmated} 1-0